 Dungeon Crawl Stone Soup version 0.17-a0-737-gf0a300a (webtiles) character file.

127 Ngotmuk the Skirmisher (level 5, -5/50 HPs)
             Began as a Naga Fighter on Apr 24, 2015.
             Killed from afar by Sigmund (8 damage)
             ... with a puff of flame
             ... on level 3 of the Dungeon.
             The game lasted 00:12:01 (2451 turns).

Ngotmuk the Skirmisher (Naga Fighter)               Turns: 2451, Time: 00:12:01

Health: -5/50      AC:  6    Str: 20    XL:     5   Next: 11%
Magic:  5/5        EV:  5    Int:  8    God:
Gold:   69         SH:  9    Dex: 10    Spells: 0 memorised, 4 levels left

rFire  . . .     SeeInvis +     a - +0 long sword
rCold  . . .     Clarity  .     b - +0 scale mail
rNeg   . . .     SustAb   .     c - +0 shield
rPois  +         Gourm    +     (no helmet)
rElec  .         Spirit   .     (no cloak)
rCorr  .         Warding  .     k - +0 pair of gloves
rMut   .         Stasis   .     (no barding)
MR     .....                    t - amulet of the gourmand
Stlth  ..........               (no ring)
                                (no ring)

@: very slow, not resistant to hostile enchantments, extremely unstealthy
A: see invisible, deformed body, poison resistance, slowness 2, slow metabolism
1, spit poison 2, AC +1
a: Spit Poison


You were on level 3 of the Dungeon.
You were not hungry.

You visited 1 branch of the dungeon, and saw 3 of its levels.

You collected 69 gold pieces.

Inventory:

Hand weapons
 a - a +0 long sword (weapon)
Armour
 b - a +0 scale mail (worn)
 c - a +0 shield (worn)
 k - a +0 pair of gloves (worn)
Jewellery
 t - an amulet of the gourmand (around neck)
Scrolls
 e - a scroll of enchant armour {unknown}
 g - 2 scrolls of fog {unknown}
 h - 2 scrolls of recharging {unknown}
 i - a scroll of noise {unknown}
 j - 2 scrolls of teleportation {unknown}
 l - a scroll of immolation {unknown}
 m - 2 scrolls of identify {unknown}
 n - a scroll of magic mapping {unknown}
 s - 2 scrolls of remove curse {unknown}
Potions
 d - a potion of might
 f - 3 potions of curing {unknown}
 p - a potion of heal wounds {unknown}
 q - a potion of poison {unknown}
Books
 o - a book of the Warp

   Spells                             Type                      Level
   a - Recall                         Summoning/Translocation      3
   b - Gell's Gravitas                Hexes/Translocation          3
   c - Control Teleport               Charms/Translocation         4
   d - Force Lance                    Conjuration/Translocation    4
   e - Phase Shift                    Translocation                5
   f - Warp Weapon                    Charms/Translocation         5
   g - Summon Forest                  Summoning/Translocation      5
Comestibles
 r - a beef jerky


   Skills:
 + Level 3.9 Fighting
 + Level 3.2 Long Blades
 + Level 2.9 Armour
 + Level 3.0 Shields


You had 4 spell levels left.
You didn't know any spells.

Dungeon Overview and Level Annotations

Branches:
Dungeon (3/15)

Altars:
Dithmenos
Sif Muna

Annotations:
D:3 Sigmund


Innate Abilities, Weirdness & Mutations

You cannot wear boots.
Your serpentine skin is tough (AC +1).
You have supernaturally acute eyesight.
Armour fits poorly on your strangely shaped body.
Your system is resistant to poisons.
You cover ground very slowly.
You have a slow metabolism.
You can spit poison.


Message History

Sigmund is moderately wounded.
You completely miss Sigmund.
Sigmund is moderately wounded.
You block Sigmund's attack.
Your shield and scale mail prevent you from hitting Sigmund.
Sigmund is moderately wounded.
Sigmund hits you with a scythe.
* * * LOW HITPOINT WARNING * * *
You hit Sigmund.
Sigmund is heavily wounded.
Sigmund laughs darkly.
You block Sigmund's attack.
You hit Sigmund.
Sigmund is heavily wounded.
You block Sigmund's attack.
You hit Sigmund but do no damage.
Sigmund is heavily wounded.
Sigmund casts a spell at you. The puff of flame hits you!
You die...

#<† .# #.# #######...
#.# .........
#########).
#.......@..........#.
#.# ########.#. #.#
##...# #####.#####
####..... #......@@.#
#........ #.#######.#
#.##..... #.#
#.###.... #.#######(#
##.#. #...†..(((#
#.#. #.###.##### #...
#.# #.# .... #.# #.#
# ..# #.#


You could see Sigmund.

Vanquished Creatures
  An orc wizard (D:3)
  Terence (D:2)
  An adder (D:2)
  A worm (D:2)
  3 giant geckos
  3 orcs (D:3)
  3 giant cockroaches
  6 hobgoblins
  7 jackals
  2 ball pythons
  9 bats
  2 giant newts (D:2)
  2 goblins (D:1)
  11 kobolds
  7 rats
59 creatures vanquished.

Notes
Turn   | Place    | Note
--------------------------------------------------------------
     0 | D:1      | Ngotmuk, the Naga Fighter, began the quest for the Orb.
     0 | D:1      | Reached XP level 1. HP: 21/21 MP: 1/1
   306 | D:1      | Reached XP level 2. HP: 26/28 MP: 2/2
   688 | D:1      | Reached XP level 3. HP: 29/34 MP: 3/3
  1328 | D:2      | Found a shadowy altar of Dithmenos.
  1605 | D:2      | Noticed Terence
  1618 | D:2      | Killed Terence
  1618 | D:2      | Reached XP level 4. HP: 2/44 MP: 4/4
  1955 | D:2      | Found a deep blue altar of Sif Muna.
  2363 | D:3      | Reached XP level 5. HP: 42/50 MP: 5/5
  2423 | D:3      | Noticed Sigmund
  2448 | D:3      | HP: 2/50 [Sigmund/scythe (6)]
  2451 | D:3      | Killed from afar by Sigmund

Action                   |  1- 3 |  4- 6 || total
-------------------------+-------+-------++-------
Melee: Long sword        |   187 |    88 ||   275
 Abil: Spit Poison       |       |     1 ||     1
  Eat: Bread ration      |     1 |       ||     1
